 Dungeon Crawl Stone Soup version 0.22.0-16-gc6d26f69f9 (webtiles) character file.

1393 Peloso the Slasher (level 8, -5/68 HPs)
             Began as a Minotaur Fighter on Aug 18, 2018.
             Was a Believer of Okawaru.
             Slain by a wight
             ... wielding a +0 trident
              (8 damage)
             ... on level 6 of the Dungeon.
             The game lasted 00:10:24 (4677 turns).

Peloso the Slasher (Minotaur Fighter)               Turns: 4677, Time: 00:10:24

Health: -5/68      AC: 10    Str: 21    XL:     8   Next: 41%
Magic:  8/8        EV:  6    Int:  5    God:    Okawaru [**....]
Gold:   20         SH: 10    Dex: 12    Spells: 7/7 levels left

rFire    . . .     SeeInvis .   a - +0 long sword
rCold    . . .     Gourm    .   c - +0 shield
rNeg     . . .     Faith    .   b - +0 chain mail
rPois    .         Spirit   .   (helmet restricted)
rElec    .         Reflect  .   (no cloak)
rCorr    .         Harm     .   (no gloves)
MR       .....                  (no boots)
Stlth    ..........             (no amulet)
HPRegen  0.21/turn              (no ring)
MPRegen  0.11/turn              (no ring)

@: heavily drained
A: retaliatory headbutt, horns 2
a: Heroism, Renounce Religion


You were on level 6 of the Dungeon.
You worshipped Okawaru.
Okawaru was pleased with you.
You were not hungry.

You visited 1 branch of the dungeon, and saw 6 of its levels.

You collected 130 gold pieces.
You spent 110 gold pieces at shops.

Inventory:

Hand Weapons
 a - a +0 long sword (weapon)
Armour
 b - a +0 chain mail (worn)
 c - a +0 shield (worn)
Wands
 l - a wand of flame (21)
 x - a wand of clouds (6)
Scrolls
 g - 2 scrolls of magic mapping {unknown}
 i - 3 scrolls of teleportation
 m - 7 scrolls of identify {unknown}
 n - 2 scrolls of remove curse {unknown}
 r - a scroll of amnesia {unknown}
 u - a scroll of fog {unknown}
 w - a scroll of enchant armour {unknown}
Potions
 d - 2 potions of might
 e - 3 potions of flight {unknown}
 h - 4 potions of curing
 j - a potion of mutation {unknown}
 k - a potion of resistance {unknown}
 o - a potion of ambrosia {unknown}
 p - a potion of berserk rage {unknown}
 q - a potion of lignification {unknown}
 s - 2 potions of brilliance {unknown}
 t - 4 potions of degeneration {unknown}
 v - a potion of heal wounds
Comestibles
 f - 9 rations


   Skills:
 + Level 5.2(4.0) Fighting
 + Level 7.5(6.2) Long Blades
 + Level 7.4(6.0) Armour
 + Level 1.3(0.2) Dodging
 + Level 0.1(0.0) Stealth
 + Level 6.6(5.3) Shields
 + Level 2.3(1.1) Evocations


You had 7 spell levels left.
You didn't know any spells.
Your spell library was empty.

Dungeon Overview and Level Annotations

Branches:
Dungeon (6/15)
 Temple: D:4-7

Altars:
Dithmenos
Hepliaklqana
Okawaru
Qazlal
Sif Muna
Trog
Wu Jian
Xom
Zin

Shops:
D:5 *

Annotations:
D:5 5 runed doors


Innate Abilities, Weirdness & Mutations

You reflexively headbutt those who attack you in melee.
You have a pair of horns on your head.


Message History

You feel drained.
You hit the wight but do no damage. You headbutt the wight.
The wight is lightly damaged.
The wight hits you but does no damage.
You hit the wight but do no damage. Your headbutt misses the wight.
The wight is lightly damaged.
You block the wight's attack.
You slash the wight!
The wight is severely damaged.
The wight hits you with a trident.
* * * LOW HITPOINT WARNING * * *
You hit the wight but do no damage. Your headbutt misses the wight.
The wight is severely damaged.
The wight hits you with a trident.
* * * LOW HITPOINT WARNING * * *
You feel drained.
You hit the wight.
The wight is almost destroyed.
The wight hits you with a trident!
You die...

......#.).....##......)....#
##.#.##.†...............?.[.
#.#.##......>..............
#.####......###.##........#
#.# #........#.##.......(#
#.# ########.#.##........#
#.### #.#.###......## #...#
#.#z# #......# ####.###
#####.#@# ######## ...#...#
#.....#.# ##.#...# #.#####.#
#......# #.......#
..##...#####...#############
#.#.......#.|...##.........#
#.#.#####.#...#.##.........#
#'#.[..##.##...†.'.........#
(....####...†.##.#.........#


You could see a wight.

Vanquished Creatures
  Eustachio (D:4)
  A sky beast (D:5)
  A phantom (D:5)
  3 ogres
  Blork the orc (D:4)
  A bullfrog (D:6)
  4 wights (D:6)
  2 crimson imps (D:5)
  2 hounds
  An orc priest (D:3)
  An iguana (D:6)
  3 orc wizards
  A worker ant (D:6)
  A worker ant zombie (D:5)
  3 gnolls (D:5)
  4 adders
  A shadow imp (D:5)
  2 oozes
  2 adder skeletons
  3 worms (D:2)
  3 dart slugs (D:1)
  4 leopard geckos
  9 orcs
  4 giant cockroaches
  9 goblins
  10 hobgoblins
  10 jackals
  2 quokkas
  3 ball pythons (D:2)
  A ball python zombie (D:5)
  8 bats
  8 frilled lizards
  9 kobolds
  A leopard gecko zombie (D:5)
  A quokka skeleton (D:5)
  11 rats
131 creatures vanquished.

Notes
Turn   | Place    | Note
-------+----------+-------------------------------------------
     0 | D:1      | Peloso the Minotaur Fighter began the quest for the Orb.
     0 | D:1      | Reached XP level 1. HP: 19/19 MP: 0/0
    90 | D:1      | Reached XP level 2. HP: 14/27 MP: 1/1
   298 | D:1      | Reached XP level 3. HP: 24/33 MP: 2/2
  1018 | D:2      | Found a stormy altar of Qazlal.
  1076 | D:2      | Reached XP level 4. HP: 39/40 MP: 3/3
  1114 | D:2      | Found an ornate altar of the Wu Jian Council.
  1225 | D:2      | Found a hazy altar of Hepliaklqana.
  1226 | D:2      | Found a shimmering altar of Xom.
  1226 | D:2      | Noticed a yak
  1227 | D:2      | Noticed a yak
  1227 | D:2      | Noticed a spectral ugly thing
  2310 | D:3      | Reached skill level 5 in Shields
  2359 | D:3      | Found a bloodstained altar of Trog.
  2396 | D:3      | Reached XP level 5. HP: 45/47 MP: 4/4
  2411 | D:3      | Reached skill level 5 in Armour
  2685 | D:4      | Noticed Eustachio
  2744 | D:4      | Killed Eustachio
  2744 | D:4      | Reached XP level 6. HP: 11/53 MP: 5/5
  3093 | D:4      | Found a deep blue altar of Sif Muna.
  3145 | D:4      | Reached skill level 1 in Evocations
  3331 | D:4      | Noticed Blork the orc
  3338 | D:4      | Killed Blork the orc
  3338 | D:4      | Reached skill level 5 in Long Blades
  3350 | D:4      | Reached XP level 7. HP: 58/60 MP: 7/7
  3444 | D:5      | Entered Level 5 of the Dungeon
  3497 | D:5      | Found a glowing silver altar of Zin.
  3498 | D:5      | Found an iron altar of Okawaru.
  3502 | D:5      | Became a worshipper of Warmaster Okawaru
  3517 | D:5      | Found Awuer's General Store.
  3529 | D:5      | Bought a scroll of teleportation for 30 gold pieces
  3529 | D:5      | Bought a potion of curing for 30 gold pieces
  3529 | D:5      | Bought a potion of heal wounds for 50 gold pieces
  3620 | D:5      | Reached skill level 1 in Dodging
  3825 | D:5      | Reached * piety under Okawaru
  3945 | D:5      | Found the +9 staff of Olgreb {rPois}
  3975 | D:5      | Found a runed door.
  3979 | D:5      | Found a runed gate.
  3980 | D:5      | Found a runed door.
  3991 | D:5      | Found a runed gate.
  3991 | D:5      | Found a runed gate.
  4086 | D:5      | Reached skill level 5 in Fighting
  4190 | D:5      | Found a shadowy altar of Dithmenos.
  4207 | D:5      | Reached XP level 8. HP: 59/68 MP: 8/8
  4667 | D:6      | Reached ** piety under Okawaru
  4676 | D:6      | HP: 2/68 [wight/trident (2)]
  4677 | D:6      | Slain by a wight

Skill      XL: |  1  2  3  4  5  6  7  8 |
---------------+-------------------------+-----
Shields        | 4 5 6 |  6.6
Fighting       | 4 5 |  5.2
Armour         | 4 5 6 7 |  7.4
Long Blades    | 3 4 5 6 7 |  7.5
Evocations     | 2 |  2.3
Dodging        | 1 |  1.3
Stealth        | |  0.1

Action                   |  1- 3 |  4- 6 |  7- 9 || total
-------------------------+-------+-------+-------++-------
Melee: Long sword        |    86 |   166 |   160 ||   412
       Headbutt          |    15 |    35 |    38 ||    88
Evoke: Wand              |       |     8 |     1 ||     9
  Eat: Chunk             |       |     7 |     2 ||     9
       Ration            |       |       |     1 ||     1
Armor: Scale mail        |    38 |    28 |       ||    66
       Chain mail        |       |    63 |    67 ||   130
Dodge: Dodged            |    35 |    57 |    23 ||   115
Block: Shield            |    52 |   103 |    65 ||   220
       Rpst.: Long sword |     7 |    15 |     6 ||    28
